[ AOE2 MATCH · #487530641 ]
UnrankedMaya vs Romans
[ REPLAY ANALYSIS · EXTRACTED FROM THE RECORDED GAME ]
Feudal
10:23
Castle
—
Imperial
—
| APM avg | 63.5 |
| APM peak | 125 |
| eAPM avg | 33.9 |
| Villagers / military | 66 / 22 |
Focus
⚔️ 47.1% · 🌾 52.9%
Archer ×13 · Eagle Scout ×8 · Spearman ×1
Feudal
11:00
Castle
15:29
Imperial
—
| APM avg | 40.4 |
| APM peak | 99 |
| eAPM avg | 21.8 |
| Villagers / military | 73 / 54 |
Focus
⚔️ 51.1% · 🌾 48.9%
Scorpion ×53 · Battering Ram ×1
Feudal
8:02
Castle
22:43
Imperial
—
| APM avg | 43.7 |
| APM peak | 76 |
| eAPM avg | 17.1 |
| Villagers / military | 46 / 32 |
Focus
⚔️ 20.6% · 🌾 79.4%
Knight ×18 · Scout Cavalry ×8 · Mangonel ×6
Feudal
—
Castle
—
Imperial
—
| APM avg | 40.9 |
| APM peak | 94 |
| eAPM avg | 19.0 |
| Villagers / military | 56 / 0 |
Focus
⚔️ 35.6% · 🌾 64.4%
Feudal
9:50
Castle
27:32
Imperial
—
| APM avg | 48.6 |
| APM peak | 82 |
| eAPM avg | 22.8 |
| Villagers / military | 70 / 49 |
Focus
⚔️ 34.6% · 🌾 65.4%
Archer ×47 · Mangonel ×1 · Spearman ×1
Feudal
—
Castle
—
Imperial
—
| APM avg | 38.3 |
| APM peak | 96 |
| eAPM avg | 20.7 |
| Villagers / military | 69 / 0 |
Focus
⚔️ 25.8% · 🌾 74.2%
Match map
Initial resources + every placement click. Lines = walls · curves = elevation contours. ◆ gold · ⬟ stone · ● berries · ✦ relic · ◌ wall gap
Your base· Open — unwalled flank
DasLetzte's base· Open — 12t gap
FMG | Fedee's base· Open — 5t gap
Frankie Fast Hands's base· Open — unwalled flank
FMG | Juanmpi's base· Open — 4t gap
Sabkabaap2906's base· Open — 9t gap
Smoothed initial terrain · ◌ = detected wall gap · hover for details
Inputs per minute
— FMG | GreatMaty - - DasLetzte
Build order — FMG | GreatMaty
First 150 of 166 actions detected
| 0:00 | Research | Loom |
| 0:01 | Research | Loom |
| 0:01 | Research | Loom |
| 0:02 | Build | House |
| 0:03 | Build | House |
| 0:15 | Create | Villager (Male) |
| 0:15 | Create | Villager (Male) |
| 0:15 | Create | Villager (Male) |
| 0:15 | Create | Villager (Male) |
| 1:26 | Create | Villager (Male) |
| 1:26 | Create | Villager (Male) |
| 2:11 | Create | Villager (Male) |
| 2:11 | Create | Villager (Male) |
| 2:38 | Create | Villager (Male) |
| 2:38 | Create | Villager (Male) |
| 2:57 | Create | Villager (Male) |
| 2:57 | Create | Villager (Male) |
| 3:15 | Create | Villager (Male) |
| 3:15 | Create | Villager (Male) |
| 3:15 | Create | Villager (Male) |
| 3:17 | Build | Lumber Camp |
| 3:28 | Create | Villager (Male) |
| 3:29 | Create | Villager (Male) |
| 3:57 | Create | Villager (Male) |
| 3:57 | Create | Villager (Male) |
| 4:28 | Build | House |
| 4:42 | Create | Villager (Male) |
| 5:04 | Create | Villager (Male) |
| 5:24 | Create | Villager (Male) |
| 5:39 | Build | House |
| 5:51 | Create | Villager (Male) |
| 6:13 | Create | Villager (Male) |
| 6:17 | Build | Mill |
| 6:17 | Build | Mill |
| 6:47 | Create | Villager (Male) |
| 7:14 | Create | Villager (Male) |
| 8:13 | Research | Feudal Age |
| 8:13 | Research | Feudal Age |
| 8:13 | Research | Feudal Age |
| 9:52 | Build | Mining Camp |
| 10:23 | Age | Feudal Age |
| 10:26 | Create | Villager (Male) |
| 10:40 | Build | Barracks |
| 11:01 | Create | Villager (Male) |
| 11:01 | Create | Villager (Male) |
| 11:02 | Create | Villager (Male) |
| 11:33 | Build | House |
| 11:50 | Build | Archery Range |
| 12:09 | Build | Farm |
| 12:18 | Build | House |
| 12:22 | Build | Palisade Wall |
| 12:27 | Build | Palisade Wall |
| 12:28 | Build | Palisade Wall |
| 12:31 | Build | Palisade Wall |
| 12:38 | Create | Archer |
| 12:39 | Create | Archer |
| 12:52 | Build | Farm |
| 12:54 | Create | Archer |
| 13:02 | Build | Palisade Wall |
| 13:09 | Build | Farm |
| 13:11 | Create | Archer |
| 13:11 | Create | Archer |
| 13:41 | Build | Farm |
| 13:53 | Build | Farm |
| 14:05 | Create | Spearman |
| 14:08 | Create | Villager (Male) |
| 14:21 | Create | Archer |
| 14:35 | Build | Farm |
| 14:39 | Create | Villager (Male) |
| 14:40 | Create | Villager (Male) |
| 14:43 | Build | Farm |
| 14:44 | Build | Farm |
| 15:09 | Create | Archer |
| 15:09 | Create | Archer |
| 15:15 | Create | Villager (Male) |
| 15:16 | Create | Villager (Male) |
| 15:39 | Build | House |
| 15:56 | Create | Villager (Male) |
| 15:56 | Create | Villager (Male) |
| 15:57 | Create | Villager (Male) |
| 16:17 | Create | Villager (Male) |
| 16:17 | Create | Villager (Male) |
| 16:18 | Create | Archer |
| 16:18 | Create | Archer |
| 16:47 | Create | Villager (Male) |
| 16:54 | Build | Farm |
| 16:55 | Build | Farm |
| 17:00 | Create | Villager (Male) |
| 17:06 | Create | Archer |
| 17:06 | Create | Archer |
| 17:31 | Create | Villager (Male) |
| 17:44 | Create | Villager (Male) |
| 17:47 | Build | Blacksmith |
| 17:49 | Create | Archer |
| 18:08 | Build | House |
| 18:17 | Create | Villager (Male) |
| 18:43 | Create | Villager (Male) |
| 18:59 | Research | Double-Bit Axe |
| 19:00 | Research | Double-Bit Axe |
| 19:11 | Build | Mill |
| 19:15 | Research | Fletching |
| 19:15 | Research | Fletching |
| 19:41 | Build | Town Center |
| 20:29 | Create | Villager (Male) |
| 20:31 | Build | Market |
| 20:53 | Create | Villager (Male) |
| 20:55 | Build | House |
| 20:55 | Build | House |
| 21:49 | Create | Eagle Scout |
| 21:49 | Create | Eagle Scout |
| 21:49 | Create | Eagle Scout |
| 21:50 | Create | Villager (Male) |
| 21:54 | Build | Lumber Camp |
| 22:02 | Build | House |
| 22:03 | Build | House |
| 22:14 | Build | Farm |
| 22:15 | Build | Farm |
| 22:16 | Build | Farm |
| 22:32 | Build | Mining Camp |
| 22:36 | Build | House |
| 22:36 | Build | House |
| 23:01 | Build | Lumber Camp |
| 23:18 | Build | Farm |
| 23:19 | Build | Farm |
| 23:20 | Create | Villager (Male) |
| 23:20 | Create | Villager (Male) |
| 23:28 | Build | House |
| 23:28 | Build | House |
| 23:55 | Create | Villager (Male) |
| 23:56 | Create | Villager (Male) |
| 24:19 | Build | Farm |
| 24:37 | Create | Villager (Male) |
| 24:37 | Create | Villager (Male) |
| 25:14 | Build | Archery Range |
| 25:21 | Create | Villager (Male) |
| 25:21 | Create | Villager (Male) |
| 25:24 | Build | House |
| 25:24 | Build | House |
| 25:25 | Build | House |
| 25:37 | Create | Villager (Male) |
| 25:37 | Create | Villager (Male) |
| 26:07 | Build | Lumber Camp |
| 26:09 | Create | Villager (Male) |
| 26:13 | Create | Eagle Scout |
| 26:13 | Create | Eagle Scout |
| 26:48 | Create | Eagle Scout |
| 26:48 | Create | Eagle Scout |
| 26:48 | Create | Eagle Scout |
| 26:49 | Create | Villager (Male) |
| 26:49 | Create | Villager (Male) |
Build order — DasLetzte
First 150 of 163 actions detected
| 0:01 | Create | Villager (Male) |
| 0:02 | Build | House |
| 0:04 | Build | House |
| 0:09 | Create | Villager (Male) |
| 0:17 | Create | Villager (Male) |
| 0:25 | Create | Villager (Male) |
| 1:15 | Create | Villager (Male) |
| 1:59 | Create | Villager (Male) |
| 2:09 | Create | Villager (Male) |
| 2:38 | Create | Villager (Male) |
| 2:48 | Create | Villager (Male) |
| 2:51 | Create | Villager (Male) |
| 3:18 | Build | Lumber Camp |
| 3:19 | Create | Villager (Male) |
| 3:39 | Create | Villager (Male) |
| 4:12 | Create | Villager (Male) |
| 4:23 | Create | Villager (Male) |
| 4:26 | Build | House |
| 4:35 | Create | Villager (Male) |
| 5:05 | Create | Villager (Male) |
| 5:17 | Create | Villager (Male) |
| 5:25 | Build | House |
| 5:31 | Create | Villager (Male) |
| 5:39 | Create | Villager (Male) |
| 6:09 | Create | Villager (Male) |
| 6:23 | Create | Villager (Male) |
| 6:33 | Build | Mill |
| 7:06 | Create | Villager (Male) |
| 7:12 | Create | Villager (Male) |
| 7:21 | Create | Villager (Male) |
| 7:31 | Create | Villager (Male) |
| 7:56 | Create | Villager (Male) |
| 8:34 | Create | Villager (Male) |
| 8:47 | Research | Feudal Age |
| 8:48 | Research | Feudal Age |
| 9:00 | Create | Villager (Male) |
| 9:04 | Build | Farm |
| 9:09 | Create | Villager (Male) |
| 9:27 | Create | Villager (Male) |
| 9:36 | Create | Villager (Male) |
| 9:42 | Build | House |
| 9:47 | Build | Farm |
| 9:47 | Build | Farm |
| 9:49 | Build | Farm |
| 9:50 | Build | Farm |
| 10:08 | Create | Villager (Male) |
| 10:10 | Build | Farm |
| 10:12 | Build | Farm |
| 10:41 | Build | Farm |
| 10:43 | Build | Farm |
| 10:59 | Build | Mining Camp |
| 11:00 | Age | Feudal Age |
| 11:32 | Create | Villager (Male) |
| 11:42 | Build | Market |
| 12:03 | Build | Blacksmith |
| 12:49 | Research | Castle Age |
| 12:49 | Research | Castle Age |
| 12:51 | Research | Double-Bit Axe |
| 12:52 | Research | Double-Bit Axe |
| 12:55 | Research | Horse Collar |
| 13:48 | Create | Villager (Male) |
| 13:50 | Create | Villager (Male) |
| 14:10 | Research | Gold Mining |
| 15:18 | Build | House |
| 15:29 | Age | Castle Age |
| 15:32 | Research | Bow Saw |
| 15:37 | Build | Siege Workshop |
| 15:43 | Build | Siege Workshop |
| 15:59 | Build | House |
| 16:03 | Build | House |
| 16:07 | Research | Loom |
| 16:21 | Create | Scorpion |
| 16:21 | Create | Scorpion |
| 16:23 | Create | Villager (Male) |
| 16:36 | Create | Villager (Male) |
| 16:50 | Create | Scorpion |
| 16:50 | Create | Villager (Male) |
| 17:24 | Create | Villager (Male) |
| 17:32 | Create | Villager (Male) |
| 17:57 | Create | Scorpion |
| 17:58 | Create | Scorpion |
| 18:05 | Build | Lumber Camp |
| 18:24 | Create | Scorpion |
| 18:24 | Create | Scorpion |
| 18:24 | Create | Villager (Male) ×5 |
| 18:39 | Create | Villager (Male) |
| 19:10 | Create | Villager (Male) |
| 19:11 | Create | Scorpion |
| 19:11 | Create | Scorpion |
| 19:14 | Build | House |
| 19:39 | Create | Villager (Male) |
| 19:48 | Create | Villager (Male) |
| 19:58 | Create | Villager (Male) |
| 20:00 | Create | Scorpion |
| 20:00 | Create | Scorpion |
| 20:25 | Create | Villager (Male) |
| 20:37 | Create | Scorpion |
| 20:37 | Create | Scorpion |
| 20:47 | Build | House |
| 20:53 | Create | Scorpion |
| 21:04 | Create | Scorpion |
| 21:05 | Create | Scorpion |
| 21:44 | Create | Villager (Male) ×4 |
| 22:00 | Create | Villager (Male) |
| 22:15 | Create | Villager (Male) |
| 22:48 | Create | Scorpion |
| 22:48 | Create | Scorpion |
| 22:49 | Create | Scorpion |
| 22:49 | Create | Villager (Male) |
| 23:04 | Create | Villager (Male) |
| 23:08 | Build | University |
| 23:22 | Create | Scorpion |
| 23:22 | Create | Scorpion |
| 23:23 | Create | Villager (Male) |
| 23:27 | Build | House |
| 23:42 | Create | Scorpion |
| 23:42 | Create | Scorpion |
| 23:42 | Create | Villager (Male) |
| 23:52 | Create | Scorpion |
| 23:53 | Create | Scorpion |
| 23:53 | Create | Villager (Male) |
| 24:01 | Create | Battering Ram |
| 24:07 | Create | Scorpion |
| 24:08 | Create | Scorpion |
| 24:18 | Build | Lumber Camp |
| 24:34 | Create | Scorpion |
| 24:38 | Build | House |
| 24:41 | Build | House |
| 25:03 | Create | Scorpion |
| 25:04 | Create | Scorpion |
| 25:05 | Create | Villager (Male) |
| 25:29 | Create | Scorpion |
| 25:29 | Create | Scorpion |
| 25:30 | Create | Villager (Male) |
| 25:46 | Create | Villager (Male) |
| 25:51 | Create | Scorpion |
| 25:51 | Create | Scorpion |
| 26:04 | Research | Ballistics |
| 26:13 | Build | Siege Workshop |
| 26:17 | Create | Villager (Male) |
| 26:29 | Build | Mining Camp |
| 26:51 | Create | Scorpion ×3 |
| 26:52 | Create | Villager (Male) ×2 |
| 26:57 | Create | Scorpion |
| 26:57 | Create | Scorpion |
| 27:16 | Create | Scorpion |
| 27:28 | Create | Villager (Male) |
| 27:35 | Build | Farm |
| 27:38 | Create | Scorpion |
| 27:38 | Create | Scorpion |
Build order — FMG | Fedee
134 actions detected in the replay
| 0:00 | Create | Villager (Male) |
| 0:01 | Create | Villager (Male) |
| 0:01 | Create | Villager (Male) |
| 0:02 | Create | Villager (Male) |
| 0:02 | Create | Villager (Male) |
| 0:05 | Build | House |
| 0:06 | Build | House |
| 1:32 | Create | Villager (Male) |
| 2:02 | Create | Villager (Male) |
| 2:29 | Create | Villager (Male) |
| 2:30 | Create | Villager (Male) |
| 2:57 | Create | Villager (Male) |
| 3:10 | Create | Villager (Male) |
| 3:26 | Build | House |
| 3:35 | Create | Villager (Male) |
| 4:10 | Create | Villager (Male) |
| 4:27 | Create | Villager (Male) |
| 4:36 | Create | Villager (Male) |
| 4:40 | Research | Loom |
| 5:50 | Research | Feudal Age |
| 5:50 | Research | Feudal Age |
| 5:58 | Build | Lumber Camp |
| 6:17 | Build | House |
| 6:54 | Create | Villager (Male) |
| 8:02 | Age | Feudal Age |
| 8:06 | Build | Stable |
| 8:17 | Create | Villager (Male) |
| 8:19 | Research | Double-Bit Axe |
| 8:37 | Build | Farm |
| 8:53 | Create | Scout Cavalry |
| 8:54 | Create | Villager (Male) |
| 9:15 | Build | Farm |
| 9:16 | Build | Farm |
| 9:21 | Create | Villager (Male) |
| 9:22 | Create | Scout Cavalry |
| 9:25 | Build | Farm |
| 9:34 | Build | Farm |
| 9:57 | Build | Mill |
| 10:10 | Create | Villager (Male) |
| 11:19 | Create | Villager (Male) |
| 11:40 | Build | Town Center |
| 12:45 | Create | Villager (Male) |
| 12:55 | Build | Farm |
| 12:55 | Build | Farm |
| 12:55 | Build | Farm |
| 12:55 | Build | Farm |
| 12:56 | Build | Farm |
| 13:07 | Create | Villager (Male) |
| 13:16 | Build | Farm |
| 13:27 | Create | Villager (Male) |
| 13:29 | Create | Scout Cavalry |
| 13:32 | Create | Scout Cavalry |
| 13:38 | Create | Villager (Male) |
| 13:52 | Build | Farm |
| 13:53 | Create | Villager (Male) |
| 14:04 | Build | House |
| 14:20 | Build | Mining Camp |
| 14:26 | Create | Villager (Male) |
| 14:27 | Create | Scout Cavalry |
| 14:31 | Build | Farm |
| 14:39 | Build | Farm |
| 15:05 | Create | Scout Cavalry |
| 15:06 | Create | Villager (Male) |
| 15:25 | Build | House |
| 15:36 | Build | Palisade Wall |
| 15:39 | Build | Palisade Wall |
| 15:46 | Build | Palisade Wall |
| 16:08 | Build | Palisade Wall |
| 16:10 | Create | Villager (Male) |
| 16:38 | Create | Villager (Male) |
| 16:39 | Create | Scout Cavalry |
| 17:42 | Create | Scout Cavalry |
| 17:43 | Create | Villager (Male) |
| 18:11 | Create | Villager (Male) |
| 18:36 | Build | Farm |
| 18:42 | Build | Farm |
| 18:47 | Build | Farm |
| 18:47 | Build | Farm |
| 19:06 | Build | Market |
| 19:45 | Build | Stable |
| 19:52 | Build | Blacksmith |
| 20:03 | Research | Castle Age |
| 20:38 | Research | Scale Barding Armor |
| 20:50 | Build | Farm |
| 21:05 | Research | Bloodlines |
| 21:43 | Research | Forging |
| 22:07 | Build | Mining Camp |
| 22:33 | Create | Villager (Male) |
| 22:43 | Age | Castle Age |
| 22:44 | Create | Knight |
| 22:45 | Create | Knight |
| 22:45 | Create | Knight |
| 22:45 | Create | Knight |
| 22:46 | Create | Knight |
| 22:52 | Create | Knight |
| 23:03 | Create | Villager (Male) |
| 23:20 | Build | House |
| 23:22 | Create | Knight |
| 23:41 | Create | Knight |
| 23:41 | Create | Villager (Male) |
| 23:54 | Create | Villager (Male) |
| 24:01 | Build | House |
| 24:16 | Build | Siege Workshop |
| 24:24 | Create | Villager (Male) |
| 24:29 | Build | Stable |
| 24:46 | Create | Villager (Male) |
| 24:51 | Build | Stable |
| 24:53 | Create | Mangonel |
| 24:53 | Create | Mangonel |
| 25:05 | Create | Villager (Male) |
| 25:33 | Create | Mangonel |
| 25:45 | Create | Villager (Male) |
| 25:57 | Create | Knight |
| 25:58 | Create | Knight |
| 26:14 | Create | Villager (Male) |
| 27:02 | Create | Knight |
| 27:03 | Create | Knight |
| 27:03 | Create | Knight |
| 27:12 | Create | Villager (Male) |
| 27:16 | Create | Villager (Male) |
| 27:29 | Create | Mangonel |
| 27:30 | Create | Mangonel |
| 27:30 | Create | Mangonel |
| 27:32 | Create | Knight |
| 27:33 | Create | Knight |
| 27:34 | Create | Villager (Male) |
| 27:39 | Research | Husbandry |
| 27:57 | Create | Villager (Male) |
| 28:00 | Create | Knight |
| 28:01 | Create | Knight |
| 28:01 | Create | Knight |
| 28:24 | Create | Villager (Male) |
| 28:27 | Build | House |
| 28:28 | Build | House |
Build order — Frankie Fast Hands
89 actions detected in the replay
| 0:00 | Create | Villager (Male) |
| 0:00 | Create | Villager (Male) |
| 0:01 | Build | House |
| 0:02 | Build | House |
| 0:34 | Create | Villager (Male) |
| 0:34 | Create | Villager (Male) |
| 1:31 | Research | Loom |
| 1:42 | Create | Villager (Male) |
| 1:42 | Create | Villager (Male) |
| 1:42 | Create | Villager (Male) |
| 1:43 | Create | Villager (Male) |
| 1:43 | Create | Villager (Male) |
| 2:42 | Create | Villager (Male) |
| 2:52 | Create | Villager (Male) |
| 3:22 | Create | Villager (Male) |
| 4:00 | Build | Lumber Camp |
| 4:03 | Create | Villager (Male) |
| 4:16 | Create | Villager (Male) |
| 4:17 | Create | Villager (Male) |
| 4:17 | Create | Villager (Male) |
| 4:36 | Build | House |
| 4:41 | Create | Villager (Male) |
| 5:03 | Create | Villager (Male) |
| 5:26 | Create | Villager (Male) |
| 5:41 | Build | House |
| 6:28 | Build | House |
| 6:55 | Create | Villager (Male) |
| 7:08 | Create | Villager (Male) |
| 7:40 | Create | Villager (Male) |
| 7:46 | Build | Mill |
| 8:20 | Create | Villager (Male) |
| 8:39 | Build | Town Center |
| 9:14 | Create | Villager (Male) |
| 9:14 | Create | Villager (Male) |
| 9:14 | Create | Villager (Male) |
| 9:14 | Create | Villager (Male) |
| 9:14 | Create | Villager (Male) |
| 9:38 | Create | Villager (Male) |
| 10:10 | Create | Villager (Male) |
| 10:51 | Build | House |
| 10:58 | Build | Palisade Wall |
| 10:59 | Build | Palisade Wall |
| 11:00 | Build | Palisade Wall |
| 11:01 | Build | Palisade Wall |
| 11:12 | Create | Villager (Male) |
| 11:12 | Create | Villager (Male) |
| 11:12 | Create | Villager (Male) |
| 12:36 | Build | House |
| 13:08 | Build | Town Center |
| 13:45 | Create | Villager (Male) |
| 13:53 | Build | House |
| 13:58 | Build | House |
| 14:12 | Build | House |
| 14:28 | Create | Villager (Male) |
| 14:28 | Create | Villager (Male) |
| 15:38 | Create | Villager (Male) |
| 15:38 | Create | Villager (Male) |
| 15:38 | Create | Villager (Male) |
| 18:00 | Build | Town Center |
| 18:25 | Build | House |
| 18:45 | Create | Villager (Male) |
| 18:46 | Create | Villager (Male) |
| 18:57 | Create | Villager (Male) |
| 21:26 | Build | House |
| 22:09 | Build | Farm |
| 22:11 | Build | Farm |
| 22:13 | Build | Farm |
| 23:15 | Build | Farm |
| 23:29 | Create | Villager (Male) |
| 23:29 | Create | Villager (Male) |
| 24:33 | Build | Farm |
| 25:05 | Create | Villager (Male) |
| 25:05 | Create | Villager (Male) |
| 25:15 | Build | Farm |
| 26:01 | Create | Villager (Male) |
| 26:01 | Create | Villager (Male) |
| 26:29 | Create | Villager (Male) |
| 26:29 | Create | Villager (Male) |
| 26:29 | Create | Villager (Male) |
| 26:38 | Build | Farm |
| 27:10 | Create | Villager (Male) |
| 27:10 | Create | Villager (Male) |
| 27:30 | Build | House |
| 27:34 | Build | House |
| 27:39 | Create | Villager (Male) |
| 27:44 | Build | House |
| 28:01 | Build | House |
| 28:41 | Create | Villager (Male) |
| 28:41 | Create | Villager (Male) |
Build order — FMG | Juanmpi
First 150 of 167 actions detected
| 0:00 | Create | Villager (Male) |
| 0:01 | Create | Villager (Male) |
| 0:02 | Build | House |
| 0:03 | Build | House |
| 0:06 | Create | Villager (Male) |
| 0:06 | Create | Villager (Male) |
| 0:07 | Create | Villager (Male) |
| 1:31 | Create | Villager (Male) |
| 1:57 | Create | Villager (Male) |
| 1:57 | Create | Villager (Male) |
| 2:04 | Create | Villager (Male) |
| 2:17 | Build | Lumber Camp |
| 2:58 | Create | Villager (Male) |
| 3:01 | Create | Villager (Male) |
| 3:01 | Create | Villager (Male) |
| 3:33 | Create | Villager (Male) |
| 3:33 | Create | Villager (Male) |
| 3:54 | Build | House |
| 4:01 | Build | House |
| 4:02 | Create | Villager (Male) |
| 4:12 | Build | House |
| 4:15 | Create | Villager (Male) |
| 4:31 | Create | Villager (Male) |
| 4:31 | Create | Villager (Male) |
| 4:51 | Build | Mill |
| 5:19 | Create | Villager (Male) |
| 5:19 | Create | Villager (Male) |
| 5:42 | Create | Villager (Male) |
| 5:47 | Create | Villager (Male) |
| 5:54 | Create | Villager (Male) |
| 6:12 | Build | Mining Camp |
| 6:27 | Create | Villager (Male) |
| 6:33 | Research | Loom |
| 7:40 | Research | Feudal Age |
| 8:49 | Create | Villager (Male) |
| 8:55 | Build | Barracks |
| 9:13 | Build | House |
| 9:32 | Create | Villager (Male) |
| 9:48 | Create | Villager (Male) |
| 9:50 | Age | Feudal Age |
| 9:58 | Build | Archery Range |
| 10:05 | Create | Villager (Male) |
| 10:14 | Create | Villager (Male) |
| 10:18 | Create | Villager (Male) |
| 10:34 | Research | Double-Bit Axe |
| 10:35 | Create | Villager (Male) |
| 10:52 | Create | Archer |
| 10:52 | Create | Villager (Male) |
| 11:06 | Create | Archer |
| 11:13 | Build | Archery Range |
| 11:14 | Create | Villager (Male) |
| 11:16 | Build | House |
| 11:23 | Create | Archer |
| 11:32 | Build | House |
| 11:39 | Create | Archer |
| 11:46 | Create | Archer |
| 11:51 | Create | Archer |
| 12:04 | Create | Villager (Male) |
| 12:08 | Create | Archer |
| 12:09 | Create | Villager (Male) |
| 12:32 | Build | Blacksmith |
| 12:35 | Create | Archer |
| 12:37 | Create | Villager (Male) |
| 12:43 | Build | House |
| 12:50 | Build | Palisade Wall |
| 12:52 | Build | Palisade Wall |
| 13:06 | Build | Palisade Wall |
| 13:14 | Build | Palisade Wall |
| 13:26 | Build | Palisade Wall |
| 13:45 | Build | Lumber Camp |
| 13:54 | Create | Archer |
| 13:54 | Create | Archer |
| 14:01 | Build | House |
| 14:03 | Build | House |
| 14:31 | Build | Mill |
| 14:40 | Create | Archer |
| 14:57 | Create | Archer |
| 15:14 | Build | Market |
| 15:18 | Create | Archer |
| 15:19 | Create | Archer |
| 15:32 | Create | Villager (Male) |
| 15:33 | Create | Villager (Male) |
| 16:11 | Build | Town Center |
| 17:03 | Research | Fletching |
| 17:11 | Create | Villager (Male) |
| 17:12 | Create | Villager (Male) |
| 17:12 | Create | Villager (Male) |
| 17:41 | Build | Farm |
| 17:43 | Build | House |
| 17:45 | Build | House |
| 18:03 | Create | Villager (Male) |
| 18:09 | Build | House |
| 18:19 | Build | Lumber Camp |
| 18:21 | Create | Archer |
| 18:35 | Create | Archer |
| 18:36 | Create | Villager (Male) |
| 18:42 | Build | Farm |
| 18:43 | Build | Farm |
| 18:44 | Create | Archer |
| 18:59 | Build | Farm |
| 19:09 | Build | Farm |
| 19:09 | Create | Villager (Male) |
| 19:13 | Create | Archer |
| 19:13 | Create | Archer |
| 19:41 | Create | Villager (Male) |
| 19:42 | Create | Villager (Male) |
| 19:53 | Create | Archer |
| 19:55 | Create | Villager (Male) |
| 20:11 | Build | Farm |
| 20:11 | Create | Villager (Male) |
| 20:34 | Create | Villager (Male) |
| 20:38 | Create | Archer |
| 20:38 | Create | Archer |
| 20:45 | Create | Villager (Male) |
| 21:12 | Create | Villager (Male) |
| 21:37 | Create | Villager (Male) |
| 21:40 | Create | Archer |
| 21:40 | Create | Archer |
| 21:43 | Create | Villager (Male) |
| 21:57 | Build | House |
| 22:06 | Build | Stone Wall |
| 22:13 | Build | Stone Wall |
| 22:16 | Build | House |
| 22:17 | Create | Villager (Male) |
| 22:34 | Create | Villager (Male) |
| 22:34 | Create | Villager (Male) |
| 22:37 | Create | Villager (Male) |
| 22:44 | Create | Archer ×5 |
| 22:52 | Create | Villager (Male) |
| 22:57 | Create | Villager (Male) |
| 22:57 | Create | Villager (Male) |
| 23:04 | Create | Archer |
| 23:27 | Create | Villager (Male) |
| 24:34 | Create | Archer |
| 24:52 | Research | Castle Age |
| 25:05 | Create | Archer |
| 25:05 | Create | Archer |
| 25:06 | Create | Archer |
| 25:06 | Create | Archer |
| 25:28 | Create | Villager (Male) |
| 25:30 | Create | Archer |
| 25:30 | Create | Archer |
| 25:39 | Create | Villager (Male) |
| 25:40 | Create | Archer |
| 25:40 | Create | Archer |
| 25:55 | Create | Archer |
| 25:56 | Create | Archer |
| 26:06 | Create | Villager (Male) |
| 26:13 | Create | Archer |
| 26:20 | Create | Archer |
Build order — Sabkabaap2906
74 actions detected in the replay
| 0:04 | Build | House |
| 0:05 | Build | House |
| 0:09 | Create | Villager (Male) ×4 |
| 0:09 | Create | Villager (Male) ×4 |
| 1:45 | Research | Loom |
| 2:19 | Create | Villager (Male) |
| 2:20 | Create | Villager (Male) ×2 |
| 2:20 | Create | Villager (Male) |
| 2:20 | Create | Villager (Male) |
| 2:34 | Create | Villager (Male) |
| 2:34 | Create | Villager (Male) |
| 2:35 | Create | Villager (Male) |
| 3:38 | Create | Villager (Male) ×2 |
| 3:39 | Create | Villager (Male) ×2 |
| 3:47 | Create | Villager (Male) |
| 3:48 | Create | Villager (Male) |
| 3:53 | Create | Villager (Male) |
| 3:53 | Create | Villager (Male) |
| 4:19 | Build | House |
| 4:20 | Build | House |
| 4:48 | Create | Villager (Male) |
| 4:48 | Create | Villager (Male) |
| 5:23 | Create | Villager (Male) |
| 5:48 | Create | Villager (Male) |
| 6:00 | Create | Villager (Male) |
| 6:00 | Create | Villager (Male) |
| 6:37 | Create | Villager (Male) |
| 6:37 | Create | Villager (Male) |
| 6:37 | Create | Villager (Male) |
| 7:13 | Create | Villager (Male) |
| 7:13 | Create | Villager (Male) |
| 7:32 | Build | Town Center |
| 8:17 | Build | Town Center |
| 10:39 | Create | Villager (Male) ×5 |
| 10:40 | Create | Villager (Male) ×5 |
| 13:35 | Create | Villager (Male) |
| 13:35 | Create | Villager (Male) |
| 14:45 | Create | Villager (Male) |
| 14:45 | Create | Villager (Male) |
| 14:46 | Create | Villager (Male) |
| 15:24 | Create | Villager (Male) |
| 15:24 | Create | Villager (Male) |
| 16:47 | Create | Villager (Male) |
| 16:47 | Create | Villager (Male) |
| 16:47 | Create | Villager (Male) |
| 17:42 | Create | Villager (Male) |
| 17:42 | Create | Villager (Male) |
| 18:08 | Build | Palisade Wall |
| 18:13 | Build | Palisade Wall |
| 18:16 | Build | Palisade Wall |
| 18:17 | Build | Palisade Wall |
| 18:26 | Build | Palisade Wall |
| 18:28 | Create | Villager (Male) |
| 18:29 | Create | Villager (Male) |
| 18:53 | Create | Villager (Male) |
| 18:54 | Create | Villager (Male) |
| 19:17 | Build | Palisade Wall |
| 20:26 | Build | Town Center |
| 21:26 | Create | Villager (Male) ×2 |
| 21:26 | Create | Villager (Male) ×2 |
| 21:50 | Build | Palisade Wall |
| 21:52 | Build | Palisade Wall |
| 23:07 | Build | Mule Cart |
| 25:18 | Build | Mill |
| 26:09 | Build | Farm |
| 26:10 | Build | Farm |
| 26:10 | Build | Farm |
| 26:10 | Build | Farm |
| 26:10 | Build | Farm |
| 27:42 | Create | Villager (Male) |
| 28:07 | Create | Villager (Male) |
| 28:22 | Create | Villager (Male) |
| 28:23 | Create | Villager (Male) |
| 28:59 | Build | Farm |
Match timeline
| 8:02 | FMG | Fedee · age_up feudal |
| 8:06 | FMG | Fedee · first_building Stable |
| 8:55 | FMG | Juanmpi · first_building Barracks |
| 9:50 | FMG | Juanmpi · age_up feudal |
| 9:58 | FMG | Juanmpi · first_building Archery Range |
| 10:23 | FMG | GreatMaty · age_up feudal |
| 10:40 | FMG | GreatMaty · first_building Barracks |
| 10:58 | Frankie Fast Hands · wall_segment Palisade Wall x1 |
| 10:59 | Frankie Fast Hands · wall_segment Palisade Wall x1 |
| 11:00 | Frankie Fast Hands · wall_segment Palisade Wall x1 |
| 11:00 | DasLetzte · age_up feudal |
| 11:01 | Frankie Fast Hands · wall_segment Palisade Wall x1 |
| 11:50 | FMG | GreatMaty · first_building Archery Range |
| 12:22 | FMG | GreatMaty · wall_segment Palisade Wall x8 |
| 12:27 | FMG | GreatMaty · wall_segment Palisade Wall x1 |
| 12:28 | FMG | GreatMaty · wall_segment Palisade Wall x1 |
| 12:31 | FMG | GreatMaty · wall_segment Palisade Wall x1 |
| 12:50 | FMG | Juanmpi · wall_segment Palisade Wall x1 |
| 12:52 | FMG | Juanmpi · wall_segment Palisade Wall x1 |
| 13:02 | FMG | GreatMaty · wall_segment Palisade Wall x1 |
| 13:06 | FMG | Juanmpi · wall_segment Palisade Wall x1 |
| 13:14 | FMG | Juanmpi · wall_segment Palisade Wall x1 |
| 13:26 | FMG | Juanmpi · wall_segment Palisade Wall x1 |
| 15:29 | DasLetzte · age_up castle |
| 15:36 | FMG | Fedee · wall_segment Palisade Wall x1 |
| 15:37 | DasLetzte · first_building Siege Workshop |
| 15:39 | FMG | Fedee · wall_segment Palisade Wall x1 |
| 15:46 | FMG | Fedee · wall_segment Palisade Wall x1 |
| 16:08 | FMG | Fedee · wall_segment Palisade Wall x1 |
| 16:22 | FMG | Juanmpi · first_market_buy 100 food |
| 16:29 | DasLetzte · first_market_buy 100 wood |
| 17:35 | DasLetzte · first_market_sell 100 stone |
| 18:08 | Sabkabaap2906 · wall_segment Palisade Wall x1 |
| 18:13 | Sabkabaap2906 · wall_segment Palisade Wall x5 |
| 18:16 | Sabkabaap2906 · wall_segment Palisade Wall x1 |
| 18:17 | Sabkabaap2906 · wall_segment Palisade Wall x1 |
| 18:26 | Sabkabaap2906 · wall_segment Palisade Wall x1 |
| 19:17 | Sabkabaap2906 · wall_segment Palisade Wall x1 |
| 20:02 | FMG | Fedee · first_market_buy 100 food |
| 21:20 | FMG | Fedee · first_market_sell 100 wood |
| 21:43 | FMG | GreatMaty · first_market_sell 100 wood |
| 21:47 | FMG | GreatMaty · first_market_buy 100 food |
| 21:50 | Sabkabaap2906 · wall_segment Palisade Wall x1 |
| 21:52 | Sabkabaap2906 · wall_segment Palisade Wall x4 |
| 22:06 | FMG | Juanmpi · wall_segment Stone Wall x5 |
| 22:13 | FMG | Juanmpi · wall_segment Stone Wall x12 |
| 22:43 | FMG | Fedee · age_up castle |
| 24:03 | FMG | GreatMaty · tribute_sent a jugador 1 |
| 24:03 | FMG | GreatMaty · tribute_sent a jugador 2 |
| 24:03 | FMG | GreatMaty · tribute_sent a jugador 3 |
| 24:03 | FMG | GreatMaty · tribute_sent a jugador 4 |
| 24:03 | FMG | GreatMaty · tribute_sent a jugador 5 |
| 24:16 | FMG | Fedee · first_building Siege Workshop |
| 24:50 | FMG | Juanmpi · first_market_sell 100 wood |
| 27:26 | FMG | GreatMaty · tribute_sent a jugador 1 |
| 27:26 | FMG | GreatMaty · tribute_sent a jugador 2 |
| 27:26 | FMG | GreatMaty · tribute_sent a jugador 3 |
| 27:26 | FMG | GreatMaty · tribute_sent a jugador 4 |
| 27:26 | FMG | GreatMaty · tribute_sent a jugador 5 |
| 27:32 | FMG | Juanmpi · age_up castle |
| 27:48 | FMG | Juanmpi · first_building Siege Workshop |
| 29:04 | DasLetzte · resign |
[ AI ANALYSIS · 1 CREDIT ]
What really happened in this match?
Wolo.gg analyzes every decision: build order, eco, micro, common mistakes by bracket. Personalized analysis on WhatsApp or Discord in 30 seconds.
Civ guide
Maya
Perfil
Jugador #9082593